 Dungeon Crawl Stone Soup version 0.21-a0-633-g4c047d5 (webtiles) character file.

59 Delita the Poker (level 4, -1/40 HPs)
             Began as a Hill Orc Monk on Dec 28, 2017.
             Slain by a gnoll (7 damage)
             ... on level 2 of the Dungeon.
             The game lasted 00:07:06 (1153 turns).

Delita the Poker (Hill Orc Monk)                    Turns: 1153, Time: 00:07:06

Health: -1/40      AC:  7    Str: 14    XL:     4   Next: 3%
Magic:  4/4        EV: 10    Int: 10    God:
Gold:   91         SH:  0    Dex: 13    Spells: 3/3 levels left

rFire    . . .     SeeInvis .   a - +0 spear
rCold    . . .     Gourm    .   (no shield)
rNeg     . . .     Faith    .   e - +0 scale mail
rPois    .         Spirit   .   i - +0 helmet
rElec    .         Reflect  .   (no cloak)
rCorr    .         Harm     .   (no gloves)
MR       .....                  (no boots)
Stlth    ..........             (no amulet)
HPRegen  0.13/turn              (no ring)
MPRegen  0.09/turn              (no ring)

@: lethally poisoned (-1 -> -3)
A: no striking features
a: no special abilities


You were on level 2 of the Dungeon.
You were not hungry.

You visited 1 branch of the dungeon, and saw 2 of its levels.

You collected 91 gold pieces.

Inventory:

Hand Weapons
 a - a +0 spear (weapon)
Missiles
 g - 34 stones (quivered)
Armour
 b - a +0 robe
 e - a +0 scale mail (worn)
 f - a cursed +0 robe
 i - a +0 helmet (worn)
 k - a +0 buckler
Scrolls
 h - 2 scrolls of fog
 l - a scroll of amnesia {unknown}
Potions
 d - 5 potions of curing {unknown}
 j - a potion of heal wounds {unknown}
Comestibles
 c - 2 rations


   Skills:
 + Level 4.0 Fighting
 + Level 4.3 Polearms
 + Level 1.5 Armour
 + Level 2.6 Dodging
 + Level 1.5 Stealth


You had 3 spell levels left.
You didn't know any spells.

Dungeon Overview and Level Annotations

Branches:
Dungeon (2/15)

Altars:


Message History

You are poisoned.
The adder poisons you! The gnoll closely misses you.
The gnoll hits you from afar with an enchanted spear.
You hit the gnoll.
You kill the gnoll!
You feel sick. The gnoll barely misses you.
The adder bites you but does no damage. The gnoll hits you but does no damage.
The adder barely misses you. The adder bites you but does no damage.
The gnoll hits you but does no damage.
You see here a spear.
You hit the adder.
The adder is heavily wounded.
The gnoll hits you!
* * * LOW HITPOINT WARNING * * *
The gnoll misses you. The adder bites you but does no damage.
You hit the adder.
You kill the adder!
You have reached level 4!
The gnoll closely misses you. The gnoll hits you!
You die...

#...
.#..#
........#
##..#....
.......
.....#
....#
#..# #..#
#g@# #g##
#.....g#
#.......
#..###..#
## #...
#....
#....
......


You could see 3 gnolls.

Vanquished Creatures
  2 gnolls
  An adder (D:2)
  2 dart slugs (D:1)
  A leopard gecko (D:1)
  A giant cockroach (D:1)
  4 goblins (D:1)
  2 hobgoblins (D:1)
  4 jackals (D:1)
  A ball python (D:1)
  3 bats (D:1)
  2 kobolds (D:1)
  3 rats (D:1)
26 creatures vanquished.

Notes
Turn   | Place    | Note
-------+----------+-------------------------------------------
     0 | D:1      | Delita the Hill Orc Monk began the quest for the Orb.
     0 | D:1      | Reached XP level 1. HP: 19/19 MP: 1/1
     0 | D:1      | Noticed an orb of fire
     3 | D:1      | Noticed an ice dragon
     5 | D:1      | Noticed an orb of fire
     7 | D:1      | Noticed a tentacled monstrosity
    10 | D:1      | Noticed a tentacled monstrosity
    15 | D:1      | Noticed a yellow draconian
    15 | D:1      | Noticed a tentacled monstrosity
    17 | D:1      | Noticed an orb of fire
    17 | D:1      | Noticed a large abomination
    19 | D:1      | Noticed a shadow dragon
    19 | D:1      | Noticed a shadow dragon
    21 | D:1      | Noticed a large abomination
    21 | D:1      | Noticed an orb of fire
    21 | D:1      | Noticed an ice dragon
    23 | D:1      | Noticed an orb of fire
    23 | D:1      | Noticed an orb of fire
    25 | D:1      | Noticed a red draconian
   251 | D:1      | Reached XP level 2. HP: 25/27 MP: 2/2
   595 | D:1      | Reached XP level 3. HP: 33/33 MP: 3/3
   970 | D:1      | Reached skill level 1 in Armour
  1153 | D:2      | Reached XP level 4. HP: 6/40 MP: 4/4
  1153 | D:2      | Slain by a gnoll

Vault maps used:
D:1:      shiori_arrival_whats_in_store_for_you
D:2:      cheibrodos_old_hovel, grunt_ministairs_3

Skill      XL: |  1  2  3 |
---------------+----------+-----
Fighting       | 4 |  4.0
Polearms       | 4 |  4.3
Armour         | 1 |  1.5
Dodging        | |  2.6
Stealth        | |  1.5

Action                   |  1- 3 |  4- 6 || total
-------------------------+-------+-------++-------
Melee: Spear             |    99 |       ||    99
Throw: Stone             |     2 |       ||     2
  Use: Scroll            |     2 |       ||     2
  Eat: Ration            |     1 |       ||     1
Armor: Scale mail        |    42 |       ||    42
Dodge: Dodged            |    65 |     1 ||    66

Table legend:
 A = Spawn XP
 B = Non-spawn XP
 C = Spawn XP percentage of total XP
 D = Spawn monster count
 E = Non-spawn monster count
 F = Spawn count percentage of total count
 G = Total turns spent on level
                    A         B        C        D         E        F      G
               +---------+---------+-------+---------+---------+-------+---------
         Total |       0 |      85 |   0.0 |       0 |      26 |   0.0 |  1153
               +---------+---------+-------+---------+---------+-------+---------
           D:1 |       0 |      57 |   0.0 |       0 |      24 |   0.0 |  1136
           D:2 |       0 |      28 |   0.0 |       0 |       2 |   0.0 |    17
               +---------+---------+-------+---------+---------+-------+---------
